 Dungeon Crawl Stone Soup version 0.29.1-12-g30fa7ad0bf (webtiles) character file.

Game seed: 16456750075051845634

3486 DemonSlayer the Digger (level 9, -3/66 HPs)
             Began as a Demonspawn Earth Elementalist on Jan 17, 2023.
             Engulfed by a cloud of freezing vapour (21 damage)
             ... on level 7 of the Dungeon.
             The game lasted 00:22:06 (8453 turns).

DemonSlayer the Digger (DsEE)                       Turns: 8453, Time: 00:22:07

Health: -3/66      AC: 13    Str: 10    XL:     9   Next: 79%
Magic:  19/19      EV: 13    Int: 26    God:
Gold:   697        SH:  0    Dex: 13    Spells: 5/21 levels left

rFire   . . .      SeeInvis .   c - +4 shortbow (flame)
rCold   . . .      Faith    .   (shield currently unavailable)
rNeg    + . .      Spirit   .   b - +2 troll leather armour
rPois   .          Reflect  .   (no helmet)
rElec   .          Harm     .   r - +2 cloak
rCorr   .          Rampage  .   (no gloves)
Will    .....                   (no boots)
Stlth   +++.......              (no amulet)
HPRegen 1.01/turn               p - ring of positive energy
MPRegen 0.16/turn               v - +6 ring of intelligence

@: no status effects
A: yellow scales 2, demonic magic 1, demonic touch 1
a: no special abilities


You were on level 7 of the Dungeon.
You visited 2 branches of the dungeon, and saw 8 of its levels.

You collected 1187 gold pieces.
You spent 490 gold pieces at shops.

Inventory:

Hand Weapons
 c - a +4 shortbow of flaming (weapon)
 u - a +5 spectral quarterstaff
Missiles
 q - 3 curare-tipped darts
Armour
 b - a +2 troll leather armour (worn)
 r - a +2 cloak (worn)
 A - a +1 buckler of protection
Jewellery
 p - a ring of positive energy (left hand)
 v - a +6 ring of intelligence (right hand)
Wands
 f - a wand of paralysis (14)
 o - a wand of iceblast (7)
Scrolls
 d - 3 scrolls of teleportation
 e - a scroll of silence
 g - a scroll of fear
 i - a scroll of enchant armour
 j - a scroll of poison
 l - a scroll of amnesia {unknown}
 n - 2 scrolls of blinking
 w - 4 scrolls of noise {unknown}
 y - a scroll of magic mapping {unknown}
 z - a scroll of identify
Potions
 a - a potion of attraction {unknown}
 h - a potion of flight {unknown}
 k - 3 potions of heal wounds
 m - 5 potions of curing
 s - 2 potions of might
 t - a potion of haste
 x - a potion of berserk rage {unknown}


   Skills:
 + Level 4.5 Fighting
 + Level 0.8 Long Blades
 + Level 6.1 Ranged Weapons
 + Level 4.4 Armour
 + Level 4.6 Dodging
 + Level 5.3 Stealth
 + Level 6.7 Spellcasting
 + Level 4.1 Conjurations
 + Level 0.8 Transmutations
 + Level 7.1 Earth Magic


You had 5 spell levels left.
You knew the following spells:

 Your Spells              Type           Power      Damage    Failure   Level
a - Sandblast             Erth           90%        2d19      1%          1
b - Passwall              Tmut/Erth      24%        N/A       2%          2
c - Stone Arrow           Conj/Erth      74%        3d11      2%          3
d - Summon Guardian Gole  Hex/Summ       8%         N/A       26%         3
e - Spellforged Servitor  Conj/Summ      9%         N/A       100%        7

Your spell library contained the following spells:

 Spells                   Type           Power      Damage    Failure   Level
 Scorch                   Fire           16%        2d6       13%         2
 Petrify                  Tmut/Erth      29%        N/A       16%         4
 Confusing Touch          Hex            8%         N/A       26%         3
 Flame Wave               Conj/Fire      19%        2d7       36%         4
 Yara's Violent Unravell  Hex/Tmut       5%         3d4       89%         5
 Summon Cactus Giant      Summ           4%         N/A       100%        6
 Enfeeble                 Hex            4%         N/A       100%        7
 Orb of Destruction       Conj           15%        9d7       100%        7


Dungeon Overview and Level Annotations

Branches:
Dungeon (7/15)             Temple (1/1) D:5

Altars:
Ashenzari
Gozag
Hepliaklqana
Makhleb
Nemelex Xobeh
Qazlal
Sif Muna
Uskayaw
Xom

Shops:
D:1 *


Innate Abilities, Weirdness & Mutations

You are mostly covered in yellow scales. (AC +3)
Spells you cast may paralyse adjacent enemies.
Your touch may inflict minor irresistible damage on your foes.


Message History

Items here: ))))) [[[[.
Partly explored, can't reach some items.
Partly explored, can't reach some items.
Partly explored, can't reach some items.
Partly explored, can't reach some items.
Partly explored, can't reach some items.
Okay, then.
Partly explored, can't reach some items.
Partly explored, can't reach some items.
Partly explored, can't reach some items.
Okay, then.
Unknown command.
Items here: ))))) [[[[.
Things that are here:
a +0 short sword; an orc corpse
There is an escape hatch in the floor here.
You see here a +1 buckler of protection.
A - a +1 buckler of protection You'd need three hands to do that!
Your +4 shortbow of flaming stops flaming.
You feel a bond with your +5 spectral quarterstaff.
u - a +5 spectral quarterstaff (weapon)
Okay, then.
Okay, then.
Your +4 shortbow of flaming bursts into flame!
c - a +4 shortbow of flaming (weapon)
You see here a +0 flail.
You see here a +0 dagger.
Things that are here:
a +0 dagger; a +0 robe
There is a stone staircase leading down here.
You open the door.
There is an open door here.
Really walk into a travel-excluded area?
You are engulfed in freezing vapours.
You are engulfed in freezing vapours.
You are engulfed in freezing vapours.
* * * LOW HITPOINT WARNING * * *
You are engulfed in freezing vapours.
You die...

#.##.#................
###.##[#..####.(........
#......#..#......####...
#.#.#..#..#.##.#.# #.##
#.#.......#.#..#.# #.#
#.#######.#...##.####.##
#........>..............
#####'##################
##...@○○○○○○○........#
####################.#
##/[)[?.......○☼.....#
######################
#############..<#....#
#.#.#..... #.#....#.#
#.#.#..#.# #.#.#..#.#


There were no monsters in sight!

Vanquished Creatures
  Joseph (D:7)
  Menkaure (D:5)
  A steam dragon (D:7)
  Edmund (D:5)
  Duvessa (D:7)
  An orc warrior (D:5)
  An ice beast (D:7)
  An ogre (D:6)
  A centaur (D:3)
  4 phantoms
  2 bullfrogs (D:7)
  A necrophage (D:6)
  3 scorpions (D:6)
  Dowan (D:7)
  2 howler monkeys (D:7)
  3 hounds
  A jelly (D:6)
  3 orc priests
  5 iguanas
  10 orc wizards
  7 adders
  A shadow imp (D:7)
  4 white imps
  An ufetubus (D:5)
  A dart slug (D:1)
  23 orcs
  4 bats
  6 endoplasms
  3 giant cockroaches
  5 goblins
  7 hobgoblins
  10 kobolds
  A quokka (D:2)
  9 ball pythons
  4 frilled lizards
  6 rats
136 creatures vanquished.

Notes
Turn   | Place    | Note
-------+----------+-------------------------------------------
     0 | D:1      | DemonSlayer the Demonspawn Earth Elementalist began the
                  | quest for the Orb.
     0 | D:1      | Reached XP level 1. HP: 13/13 MP: 3/3
   275 | D:1      | Reached skill level 3 in Earth Magic
   305 | D:1      | Gained mutation: You are partially covered in yellow
                  | scales. (AC +2) [demonic ancestry]
   305 | D:1      | Reached XP level 2. HP: 18/19 MP: 3/5
   716 | D:1      | Found Gaidican's General Store.
   761 | D:1      | Learned a level 2 spell: Passwall
   893 | D:2      | Reached XP level 3. HP: 21/24 MP: 2/6
  1424 | D:2      | Learned a level 3 spell: Stone Arrow
  1620 | D:3      | Noticed a centaur
  2055 | D:3      | Killed a centaur
  2056 | D:3      | Reached skill level 4 in Earth Magic
  2056 | D:3      | Gained mutation: Your touch may inflict minor irresistible
                  | damage on your foes. [demonic ancestry]
  2056 | D:3      | Reached XP level 4. HP: 5/30 MP: 2/8
  2056 | D:3      | Reached XP level 5. HP: 6/35 MP: 2/9
  3278 | D:3      | Learned a level 3 spell: Summon Guardian Golem
  3692 | D:4      | Reached skill level 1 in Ranged Weapons
  3692 | D:4      | Gained mutation: You are mostly covered in yellow scales.
                  | (AC +3) [demonic ancestry]
  3692 | D:4      | Reached XP level 6. HP: 36/42 MP: 9/11
  3976 | D:4      | Found an opulent altar of Gozag.
  4316 | D:5      | Entered Level 5 of the Dungeon
  4345 | D:5      | Identified a scroll of acquirement
  4345 | D:5      | Acquired 664 gold pieces
  4480 | D:5      | Found a stormy altar of Qazlal.
  4500 | D:5      | Noticed Menkaure
  4505 | D:5      | Killed Menkaure
  4506 | D:5      | Reached skill level 1 in Fighting
  4741 | D:5      | Reached skill level 1 in Armour
  4741 | D:5      | Reached XP level 7. HP: 48/48 MP: 11/13
  5206 | D:5      | Noticed Edmund
  5219 | D:5      | Killed Edmund
  5220 | D:5      | Reached skill level 5 in Earth Magic
  5566 | D:1      | Bought a potion of curing for 42 gold pieces
  5566 | D:1      | Bought a +2 troll leather armour for 378 gold pieces
  5566 | D:1      | Bought a potion of heal wounds for 70 gold pieces
  5581 | D:1      | Reached skill level 5 in Stealth
  5581 | D:1      | Reached skill level 6 in Earth Magic
  5581 | D:1      | Gained mutation: Spells you cast may paralyse adjacent
                  | enemies. [demonic ancestry]
  5581 | D:1      | Reached XP level 8. HP: 61/61 MP: 13/17
  5616 | D:1      | Learned a level 7 spell: Spellforged Servitor
  6252 | D:5      | Found a staircase to the Ecumenical Temple.
  6412 | Temple   | Entered the Ecumenical Temple
  6647 | D:6      | Reached skill level 5 in Ranged Weapons
  6716 | D:6      | Reached XP level 9. HP: 66/66 MP: 16/18
  7476 | D:7      | Noticed Joseph
  7486 | D:7      | Killed Joseph
  7487 | D:7      | Reached skill level 7 in Earth Magic
  7837 | D:7      | Noticed Duvessa
  7837 | D:7      | Noticed Dowan
  7842 | D:7      | Killed Duvessa
  7845 | D:7      | Killed Dowan
  8453 | D:7      | Engulfed by a cloud of freezing vapour

Illustrated notes

Levels and vault maps discovered:
D:1:      dpeg_arrival_round_c, layout_basic, serial_shops, shop,
          minmay_split_cup_small
D:2:      kb_forest_paths, layout_rooms, basic_ecumenical_altar
D:3:      layout_basic, mainiacjoe_overflow_small_starburst,
          dreamdust_wishing_well, grunt_ministairs_7
D:4:      layout_cave_pools, grunt_gozag_breadcrumbs, serial_column_ruins,
          column_ruins_grid_5, column_ruins_columns_dead_end,
          column_ruins_corridor_corner, column_ruins_open_medium,
          column_ruins_columns_straight, column_ruins_open_tiny,
          nrook_mini_backslash, hex_tiny
D:5:      layout_basic, mainiacjoe_overflow_alcove_4, temple_doors_ab,
          portal_sewer_entry_e, uniq_menkaure, uniq_edmund
D:6:      layout_basic
D:7:      lemuel_ice_spiral_2, layout_basic, minmay_curled_crystal, uniq_joseph,
          uniq_duvessa
Temple:   dpeg_three_leaves_temple

Skill      XL: |  1  2  3  4  5  6  7  8  9 |
---------------+----------------------------+-----
Earth Magic    | 3 4 6 7 |  7.1
Stealth        | 2 5 |  5.3
Dodging        | 2 4 |  4.6
Spellcasting   | 3 4 6 |  6.7
Ranged Weapons | 1 2 4 5 6 |  6.1
Fighting       | 1 4 |  4.5
Armour         | 1 4 |  4.4
Conjurations   | 4 |  4.1
Long Blades    | |  0.8
Transmutations | |  0.8

Action                   |  1- 3 |  4- 6 |  7- 9 || total
-------------------------+-------+-------+-------++-------
Melee: Unarmed           |     2 |       |       ||     2
       Dagger            |     3 |       |       ||     3
       Long sword        |    10 |       |    11 ||    21
 Fire: Shortbow          |       |    49 |   144 ||   193
 Cast: Sandblast         |    50 |    28 |    41 ||   119
       Stone Arrow       |     1 |     2 |    24 ||    27
  Use: Scroll            |     4 |     9 |     6 ||    19
       Potion            |     1 |       |     4 ||     5
 Stab: Sleeping          |     1 |       |       ||     1
Armor: Robe              |    25 |       |       ||    25
       Leather armour    |       |     7 |     7 ||    14
       Troll leather arm |       |       |    21 ||    21
Dodge: Dodged            |    61 |    10 |    39 ||   110
